 Dungeon Crawl Stone Soup version 0.30-b1-2-g02819fbbbe (webtiles) character file.

Game seed: 18400163215900563881

1045 MisterFreud the Ruffian (level 8, -3/66 HPs)
             Began as a Purple Draconian Transmuter on May 14, 2023.
             Slain by an ogre
             ... wielding a +0 giant club
              (21 damage)
             ... on level 5 of the Dungeon.
             The game lasted 00:07:15 (4164 turns).

MisterFreud the Ruffian (DrTm)                      Turns: 4164, Time: 00:07:15

Health: -3/66      AC:  6    Str: 14    XL:     8   Next: 4%
Magic:  11/11      EV: 13    Int: 15    God:
Gold:   239        SH:  0    Dex: 11    Spells: 7/11 levels left

rFire   + +          .
                       - Unarmed
rCold   . . .        p - orb "Zierph" {mayhem, Rampage rElec rF++ Stlth-}
rNeg    . . .        (body armour unavailable)
rPois   .            (helmet restricted)
rElec   +            (no cloak)
rCorr   +            (no gloves)
SInv    .            (no boots)
Will    +....        (no amulet) Stlth
                     l - ring of resist corrosion
HPRegen 0.31/turn    (no ring)
MPRegen 0.12/turn

%: mayhem, rampage
@: no status effects
A: breathe power, AC +6, unfitting armour, cold-blooded
a: Breathe Dispelling Energy


You were on level 5 of the Dungeon.
You visited 1 branch of the dungeon, and saw 5 of its levels.

You collected 239 gold pieces.

Inventory:

Missiles
 j - 3 poisoned darts
Armour
 p - the orb "Zierph" (worn) {mayhem, Rampage rElec rF++ Stlth-}
   (You found it on level 4 of the Dungeon)

   rF:        It greatly protects you from fire.
   rElec:     It insulates you from electricity.
   Rampage:   It bestows one free step when moving towards enemies.
   Stlth:     It makes you less stealthy.
Jewellery
 l - a ring of resist corrosion (left hand)
Wands
 f - a wand of roots (25)
 r - a wand of flame (6)
Scrolls
 g - 2 scrolls of teleportation
 n - a scroll of magic mapping
Potions
 a - a potion of lignification
 b - a potion of haste {unknown}
 c - a potion of ambrosia {unknown}
 d - 2 potions of curing
 e - 2 potions of brilliance
 h - a potion of flight {unknown}
 i - a potion of cancellation {unknown}
 k - 2 potions of berserk rage {unknown}
 m - a potion of magic {unknown}
 o - a potion of resistance {unknown}


   Skills:
 - Level 4.0 Fighting
 + Level 4.9 Dodging
 - Level 6.0 Unarmed Combat
 - Level 2.4 Spellcasting
 - Level 5.0 Transmutations


You had 7 spell levels left.
You knew the following spells:

 Your Spells              Type           Power      Damage    Failure   Level
a - Beastly Appendage     Tmut           32%        N/A       2%          1
b - Spider Form           Tmut/Pois      9%         N/A       22%         3

Your spell library contained the following spells:

 Spells                   Type           Power      Damage    Failure   Level
 Wereblood                Tmut           16%        N/A       4%          2
 Summon Small Mammal      Summ           4%         N/A       22%         1
 Call Canine Familiar     Summ           1%         N/A       54%         3
 Summon Guardian Golem    Hex/Summ       1%         N/A       54%         3
 Vhi's Electric Charge    Tloc/Air       2%         N/A       54%         3
 Ice Form                 Ice/Tmut       9%         N/A       58%         4
 Storm Form               Tmut/Air       4%         N/A       100%        7
 Chain Lightning          Conj/Air       0%         2d1       100%        9


Dungeon Overview and Level Annotations

Branches:
Dungeon (5/15)
 Temple: D:4-7

Altars:
Ashenzari
Kikubaaqudgha

Annotations:
D:3 3 runed translucent doors, UristMacStoneSoup's ghost, amateur KoBr


Innate Abilities, Weirdness & Mutations

You can breathe bolts of dispelling energy.
Your rich purple scales are hard. (AC +6)
You cannot fit into any form of body armour.
You are cold-blooded and may be slowed by cold attacks.


Message History

The ogre is moderately wounded.
The ogre barely misses you.
You hit the ogre.
Your tail-slap misses the ogre.
The ogre is heavily wounded.
You barely miss the ogre.
The ogre is heavily wounded.
The ogre completely misses you.
You punch the ogre!
The ogre is severely wounded.
The ogre closely misses you.
You barely miss the ogre.
The ogre is severely wounded.
You hit the ogre.
The ogre is severely wounded.
The ogre closely misses you.
You hit the ogre.
Your tail-slap misses the ogre.
The ogre is almost dead.
You hit the ogre.
You kill the ogre!
You have reached level 8!
You feel stronger.
Found 5 stones.
Found an escape hatch in the ceiling.
n - a scroll of magic mapping An ogre comes into view.
It is wielding a +0 giant club.
The ogre shouts!
You rampage towards the ogre!
You punch the ogre!
The ogre is moderately wounded.
The ogre hits you with a +0 giant club!!
You punch the ogre! You tail-slap the ogre.
The ogre is heavily wounded.
You hit the ogre.
Your tail-slap misses the ogre.
The ogre is severely wounded.
The ogre hits you with a +0 giant club!!
* * * LOW HITPOINT WARNING * * *
You hit the ogre.
The ogre is almost dead.
The ogre hits you with a +0 giant club!!
You die...

#....#........# #.#
#... #........# #.#
#....#..##.##.# #.#
#....#..##.##.# #.#
#.....<.......###.#
#.................#
..####.#.##......###
#.#)##.#..#.#
#....†.#..#@#
#...####..#O#
.................
....#.............
....##.######.....#
... .. #...... ..
... ....#.## ...
.....#.# ....


You could see an ogre.

Vanquished Creatures
  Grinder (D:4)
  Eustachio (D:4)
  A water moccasin (D:5)
  2 ogres
  A phantom (D:4)
  Blork the orc (D:4)
  A scorpion (D:4)
  A hound (D:5)
  A sleepcap (D:4)
  2 iguanas (D:4)
  2 adders
  2 worms
  3 dart slugs
  3 orcs (D:4)
  5 endoplasms
  7 giant cockroaches
  6 hobgoblins
  3 jackals (D:4)
  5 quokkas
  5 ball pythons
  15 bats
  3 frilled lizards
  9 goblins
  10 kobolds
  5 rats
95 creatures vanquished.

Vanquished Creatures (collateral kills)
  A goblin (D:4)
1 creature vanquished.

Vanquished Creatures (others)
  A quokka (D:4)
1 creature vanquished.

Grand Total: 97 creatures vanquished

Notes
Turn   | Place    | Note
-------+----------+-------------------------------------------
     0 | D:1      | MisterFreud the Draconian Transmuter began the quest for
                  | the Orb.
     0 | D:1      | Reached XP level 1. HP: 16/16 MP: 3/3
   109 | D:1      | Reached XP level 2. HP: 23/23 MP: 3/5
   326 | D:1      | Reached XP level 3. HP: 28/28 MP: 6/6
   580 | D:2      | Learned a level 3 spell: Spider Form
   800 | D:2      | You fall into a shaft and drop 1 floor!
  1142 | D:2      | Found an ancient bone altar of Kikubaaqudgha.
  1248 | D:2      | Identified the +6 war axe of Ambiguity {flame, rCorr Dex-2
                  | Stlth+}
  1503 | D:3      | Reached XP level 4. HP: 29/35 MP: 5/7
  1766 | D:3      | Noticed UristMacStoneSoup's ghost (amateur KoBr)
  1767 | D:3      | Found a runed translucent gate.
  1767 | D:3      | Found a runed translucent gate.
  1768 | D:3      | Found a runed translucent gate.
  2228 | D:4      | Noticed a scorpion
  2245 | D:4      | Noticed a phantom
  2247 | D:4      | Killed a scorpion
  2248 | D:4      | Reached skill level 5 in Transmutations
  2248 | D:4      | Reached XP level 5. HP: 26/41 MP: 5/8
  2254 | D:4      | Noticed an ogre
  2350 | D:4      | Killed a phantom
  2351 | D:4      | Killed an ogre
  2352 | D:4      | Reached skill level 4 in Unarmed Combat
  2352 | D:4      | Reached XP level 6. HP: 17/51 MP: 1/9
  2481 | D:4      | Noticed Eustachio
  2580 | D:4      | Killed Eustachio
  2581 | D:4      | Reached skill level 5 in Unarmed Combat
  2726 | D:4      | Identified the orb "Zierph" {mayhem, Rampage rElec rF++
                  | Stlth-}
  2746 | D:4      | Found a broken altar of Ashenzari.
  2982 | D:4      | Your scales start taking on a rich purple colour.
  2982 | D:4      | Reached XP level 7. HP: 47/59 MP: 10/10
  3272 | D:4      | Noticed Grinder
  3274 | D:4      | Noticed Blork the orc
  3297 | D:4      | Killed Blork the orc
  3609 | D:4      | Killed Grinder
  3610 | D:4      | Reached skill level 6 in Unarmed Combat
  3893 | D:4      | Identified a scroll of acquirement
  3893 | D:4      | Acquired the Reference Book on Gusts
  3922 | D:5      | Entered Level 5 of the Dungeon
  4109 | D:5      | Reached XP level 8. HP: 66/66 MP: 11/11
  4164 | D:5      | Slain by an ogre

Illustrated notes

Levels and vault maps discovered:
D:1:      reono_arrival_forest_river, layout_rooms, st_stairs_10,
          minmay_pentomino_r2
D:2:      layout_basic, basic_altar, minmay_misc_feat_rows
D:3:      layout_basic, gammafunk_ghost_split, st_stairs_11, hex_tiny,
          grunt_ministairs_2
D:4:      layout_loops_cross, overflow_temple_1_default, uniq_eustachio,
          uniq_blork_the_orc, uniq_grinder
D:5:      layout_basic

Skill      XL: |  1  2  3  4  5  6  7 |
---------------+----------------------+-----
Transmutations | 3 4 5 |  5.0
Fighting       | 3 4 |  4.0
Unarmed Combat | 4 5 6 |  6.0
Dodging        | 4 |  4.9
Spellcasting   | |  2.4

Action                     |  1- 3 |  4- 6 |  7- 9 || total
---------------------------+-------+-------+-------++-------
  Melee: Unarmed           |   123 |   146 |   114 ||   383
         Kick              |    25 |     9 |       ||    34
         Headbutt          |    12 |     2 |       ||    14
         Tailslap          |     6 |    14 |     8 ||    28
         Punch             |     1 |     2 |       ||     3
   Cast: Beastly Appendage |    24 |     9 |       ||    33
         Spider Form       |       |     6 |       ||     6
  Evoke: Wand              |       |       |     1 ||     1
    Use: Scroll            |     6 |       |     4 ||    10
   Stab: Sleeping          |     2 |       |       ||     2
 Armour: Skin              |    67 |    60 |    25 ||   152
  Dodge: Dodged            |    91 |   205 |    55 ||   351
